TOP OF THE 1ST |
New Hampshire Fisher Cats batting - Pitching for Montgomery Biscuits : LHP Dave Lindsay
|
Pitching: LHP Dave Lindsay
|
|
Batting: RHB Cyril Husson
|
0-0: Ball 1-0: Called Strike 1-1: Ball 2-1: Swinging Strike 2-2: Foul Ball, location: 2F 2-2: Foul Ball, location: 2F 2-2: Ball 3-2: Base on Balls
|
Batting: RHB Donny Burnside
|
0-0: Ball Wild Pitch! Cyril Husson to second 1-0: Ball 2-0: Ball 3-0: Called Strike 3-1: Foul Ball, location: 2F 3-2: Foul Ball, location: 2F 3-2: Fly out, F4 (Flyball, 34D, EV 93.1 MPH)
|
Batting: RHB Eddie LaRose
|
0-0: Ball 1-0: Ground out 6-3 (Groundball, 6, EV 81.2 MPH) Cyril Husson to third
|
Batting: RHB Danny Alberto
|
0-0: Ball 1-0: Swinging Strike 1-1: Called Strike 1-2: Fly out, F8 (Flyball, 89D, EV 84.4 MPH)
|
Top of the 1st over - 0 runs, 0 hits, 0 errors, 1 left on base; New Hampshire 0 - Montgomery 0 |
BOTTOM OF THE 1ST |
Montgomery Biscuits batting - Pitching for New Hampshire Fisher Cats : RHP Edward Saunders
|
Pitching: RHP Edward Saunders
|
|
Batting: LHB Davion Lewis
|
0-0: Ball 1-0: Fly out, F7 (Flyball, 7LS, EV 95.6 MPH)
|
Batting: RHB Steve French
|
0-0: Ball 1-0: Foul Ball, location: 2F 1-1: Foul Ball, location: 2F 1-2: Ball 2-2: Ball 3-2: Foul Ball, location: 2F 3-2: Base on Balls
|
Batting: LHB David Seminario
|
0-0: Ball 1-0: Called Strike 1-1: Foul Ball, location: 2F 1-2: Ball 2-2: 2-RUN HOME RUN (Flyball, 7D, EV 98.8 MPH), Distance : 381 ft
|
Batting: SHB Brett McEwen
|
0-0: Foul Ball, location: 2F 0-1: Swinging Strike 0-2: Foul Ball, location: 2F 0-2: Ball 1-2: SOLO HOME RUN (Flyball, 9LD, EV 91.9 MPH), Distance : 348 ft
|
Batting: SHB Willie Koviak
|
0-0: Fly out, F3 (Flyball, 34D, EV 90.0 MPH)
|
Batting: LHB Barnabé Metrass
|
0-0: Called Strike 0-1: Ball 1-1: Swinging Strike 1-2: Ball 2-2: Foul Ball, location: 2F 2-2: SINGLE (Flyball, 5D, EV 98.8 MPH)
|
Batting: RHB Cal Winters
|
0-0: Called Strike 0-1: Called Strike 0-2: Ball 1-2: Ball 2-2: Foul Ball, location: 2F 2-2: Ball 3-2: Foul Ball, location: 2F 3-2: Foul Ball, location: 2F 3-2: Foul Ball, location: 2F 3-2: Foul Ball, location: 2F 3-2: Foul Ball, location: 2F 3-2: Base on Balls Barnabé Metrass to second
|
Batting: RHB Devin Brown
|
0-0: Swinging Strike 0-1: Foul Ball, location: 2F 0-2: Ball 1-2: Foul Ball, location: 2F 1-2: Foul Ball, location: 2F 1-2: Ball 2-2: Ball 3-2: Foul Ball, location: 2F 3-2: Strikes out swinging
|
Bottom of the 1st over - 3 runs, 3 hits, 0 errors, 2 left on base; New Hampshire 0 - Montgomery 3 |
TOP OF THE 2ND |
New Hampshire Fisher Cats batting - Pitching for Montgomery Biscuits : LHP Dave Lindsay
|
Batting: LHB Ray Whitehead
|
0-0: Called Strike 0-1: Swinging Strike 0-2: Foul Ball, location: 2F 0-2: Ball 1-2: Strikes out swinging
|
Batting: RHB Takanibu Kaneshiro
|
0-0: Foul Ball, location: 2F 0-1: Foul Ball, location: 2F 0-2: Foul Ball, location: 2F 0-2: Ball 1-2: Ball 2-2: Ball 3-2: Foul Ball, location: 2F 3-2: Base on Balls
|
Batting: RHB Jorge Baret
|
0-0: Fly out, F7 (Flyball, 7LM, EV 83.8 MPH)
|
Batting: LHB Sumiki Okuhara
|
0-0: Ground out U3 (Groundball, 3L, EV 101.2 MPH)
|
Top of the 2nd over - 0 runs, 0 hits, 0 errors, 1 left on base; New Hampshire 0 - Montgomery 3 |
BOTTOM OF THE 2ND |
Montgomery Biscuits batting - Pitching for New Hampshire Fisher Cats : RHP Edward Saunders
|
Batting: RHB Mick Corrigan
|
0-0: Called Strike 0-1: Ball 1-1: Ball 2-1: Ball 3-1: Base on Balls
|
Batting: LHB Davion Lewis
|
0-0: Swinging Strike 0-1: Fielders Choice at 2nd, 6-4 (Groundball, 6, EV 100.0 MPH)
|
Batting: RHB Steve French
|
0-0: Ball 1-0: Ground out 5-3 (Groundball, 56S, EV 65.0 MPH) Davion Lewis to second
|
Batting: LHB David Seminario
|
0-0: 2-RUN HOME RUN (Flyball, 7D, EV 96.2 MPH), Distance : 363 ft
|
Pitching: RHP Orlando Giron
|
|
Batting: SHB Brett McEwen
|
0-0: Foul Ball, location: 2F 0-1: Called Strike 0-2: SINGLE (Groundball, 34D, EV 103.1 MPH)
|
Batting: SHB Willie Koviak
|
0-0: Swinging Strike 0-1: Foul Ball, location: 2F 0-2: Ball 1-2: Ball 2-2: Ball 3-2: Foul Ball, location: 2F 3-2: Base on Balls Brett McEwen to second
|
Batting: LHB Barnabé Metrass
|
0-0: Ball 1-0: Called Strike 1-1: Ball 2-1: Foul Ball, location: 2F 2-2: DOUBLE (Line Drive, 89D, EV 107.5 MPH) Brett McEwen scores Willie Koviak to third Runner from 3rd tries for Home, SAFE, throw by RF to home
|
Batting: RHB Cal Winters
|
0-0: Ball 1-0: Ball 2-0: Ball 3-0: Called Strike 3-1: Base on Balls
|
Batting: RHB Devin Brown
|
0-0: Ball 1-0: Called Strike 1-1: Foul Ball, location: 2F 1-2: Strikes out looking
|
Bottom of the 2nd over - 4 runs, 3 hits, 0 errors, 2 left on base; New Hampshire 0 - Montgomery 7 |
TOP OF THE 3RD |
New Hampshire Fisher Cats batting - Pitching for Montgomery Biscuits : LHP Dave Lindsay
|
Batting: RHB Porter Welsh
|
0-0: Foul Ball, location: 2F 0-1: Ball 1-1: Ball 2-1: Ground out U3 (Groundball, 13, EV 86.2 MPH)
|
Batting: RHB Cyril Husson
|
0-0: Ball 1-0: Ball 2-0: Ball 3-0: Base on Balls
|
Batting: RHB Donny Burnside
|
0-0: Fielders Choice at 2nd, 6-4 (Groundball, 56, EV 86.9 MPH)
|
Batting: RHB Eddie LaRose
|
0-0: Called Strike Donny Burnside is caught stealing 2nd base 2-4
|
Top of the 3rd over - 0 runs, 0 hits, 0 errors, 0 left on base; New Hampshire 0 - Montgomery 7 |
BOTTOM OF THE 3RD |
Montgomery Biscuits batting - Pitching for New Hampshire Fisher Cats : RHP Orlando Giron
|
Batting: RHB Mick Corrigan
|
0-0: Ball 1-0: Foul Ball, location: 2F 1-1: Ball 2-1: Called Strike 2-2: Ball 3-2: Strikes out looking
|
Batting: LHB Davion Lewis
|
0-0: Foul Ball, location: 2F 0-1: Called Strike 0-2: Fly out, F9 (Flyball, 89S, EV 94.4 MPH)
|
Batting: RHB Steve French
|
0-0: Ball 1-0: Swinging Strike 1-1: Foul Ball, location: 2F 1-2: Foul Ball, location: 2F 1-2: Ground out 6-3 (Groundball, 6, EV 102.5 MPH)
|
Bottom of the 3rd over - 0 runs, 0 hits, 0 errors, 0 left on base; New Hampshire 0 - Montgomery 7 |
TOP OF THE 4TH |
New Hampshire Fisher Cats batting - Pitching for Montgomery Biscuits : LHP Dave Lindsay
|
Batting: RHB Eddie LaRose
|
0-0: Foul Ball, location: 2F 0-1: Ball 1-1: Ball 2-1: DOUBLE (Line Drive, 89D, EV 100.0 MPH)
|
Batting: RHB Danny Alberto
|
0-0: Ball 1-0: Ball 2-0: Fly out, F6 (Popup, 6M, EV 58.8 MPH)
|
Batting: LHB Ray Whitehead
|
0-0: Fly out, F7 (Flyball, 7, EV 94.4 MPH)
|
Batting: RHB Takanibu Kaneshiro
|
0-0: Called Strike 0-1: Fly out, F7 (Flyball, 7LS, EV 85.6 MPH)
|
Top of the 4th over - 0 runs, 1 hit, 0 errors, 1 left on base; New Hampshire 0 - Montgomery 7 |
BOTTOM OF THE 4TH |
Montgomery Biscuits batting - Pitching for New Hampshire Fisher Cats : RHP Orlando Giron
|
Batting: LHB David Seminario
|
0-0: Ball 1-0: Ball 2-0: Ball 3-0: Base on Balls
|
Batting: SHB Brett McEwen
|
0-0: Ball 1-0: Swinging Strike 1-1: SINGLE (Flyball, 3D, EV 86.9 MPH) David Seminario to second
|
Batting: SHB Willie Koviak
|
0-0: Called Strike 0-1: Called Strike 0-2: Foul Ball, location: 2F 0-2: Foul Ball, location: 2F 0-2: Strikes out swinging
|
Batting: LHB Barnabé Metrass
|
0-0: Called Strike 0-1: Hit by Pitch David Seminario to third Brett McEwen to second
|
Batting: RHB Cal Winters
|
0-0: Ball 1-0: Foul Ball, location: 2F 1-1: Foul Ball, location: 2F 1-2: Grounds into double play, 6-4-3 (Groundball, 6, EV 90.0 MPH)
|
Bottom of the 4th over - 0 runs, 1 hit, 0 errors, 2 left on base; New Hampshire 0 - Montgomery 7 |
TOP OF THE 5TH |
New Hampshire Fisher Cats batting - Pitching for Montgomery Biscuits : LHP Dave Lindsay
|
Batting: RHB Jorge Baret
|
0-0: Called Strike 0-1: Ball 1-1: Ball 2-1: Ground out 5-3 (Groundball, 56, EV 107.5 MPH)
|
Batting: LHB Sumiki Okuhara
|
0-0: Ball 1-0: Swinging Strike 1-1: Ball 2-1: Fly out, F5 (Flyball, 56D, EV 87.5 MPH)
|
Batting: RHB Porter Welsh
|
0-0: Ball 1-0: Foul Ball, location: 2F 1-1: Swinging Strike 1-2: Strikes out looking
|
Top of the 5th over - 0 runs, 0 hits, 0 errors, 0 left on base; New Hampshire 0 - Montgomery 7 |
BOTTOM OF THE 5TH |
Montgomery Biscuits batting - Pitching for New Hampshire Fisher Cats : RHP Orlando Giron
|
Batting: RHB Devin Brown
|
0-0: Called Strike 0-1: Fly out, F9 (Flyball, 9D, EV 105.0 MPH)
|
Batting: RHB Mick Corrigan
|
0-0: Ball 1-0: Foul Ball, location: 2F 1-1: Foul Ball, location: 2F 1-2: Foul Ball, location: 2F 1-2: Strikes out looking
|
Batting: LHB Davion Lewis
|
0-0: Swinging Strike 0-1: Ball 1-1: Ball 2-1: Ball 3-1: Base on Balls
|
Batting: RHB Steve French
|
0-0: Ball 1-0: Called Strike 1-1: Swinging Strike 1-2: DOUBLE (Line Drive, 7LM, EV 111.2 MPH) Davion Lewis to third Runner from 3rd tries for Home, SAFE, no throw by LF
|
Pitching: RHP Cody Walsh
|
|
Batting: LHB David Seminario
|
0-0: Fly out, F4 (Popup, 4D, EV 44.4 MPH)
|
Bottom of the 5th over - 1 run, 1 hit, 0 errors, 1 left on base; New Hampshire 0 - Montgomery 8 |
TOP OF THE 6TH |
New Hampshire Fisher Cats batting - Pitching for Montgomery Biscuits : LHP Dave Lindsay
|
Batting: RHB Cyril Husson
|
0-0: Ball 1-0: Ball 2-0: Foul Ball, location: 2F 2-1: Foul Ball, location: 2F 2-2: Strikes out swinging
|
Batting: RHB Donny Burnside
|
0-0: Ball 1-0: Swinging Strike 1-1: Ground out 5-3 (Groundball, 5, EV 78.1 MPH)
|
Batting: RHB Eddie LaRose
|
0-0: Ball 1-0: Ball 2-0: Ball 3-0: Called Strike 3-1: Base on Balls
|
Batting: RHB Danny Alberto
|
0-0: Ball 1-0: Called Strike 1-1: Ball 2-1: Ball Eddie LaRose steals 2nd base (no throw) 3-1: Fly out, F8 (Flyball, 78D, EV 100.0 MPH)
|
Top of the 6th over - 0 runs, 0 hits, 0 errors, 1 left on base; New Hampshire 0 - Montgomery 8 |
BOTTOM OF THE 6TH |
Montgomery Biscuits batting - Pitching for New Hampshire Fisher Cats : RHP Cody Walsh
|
Batting: SHB Brett McEwen
|
0-0: Ball 1-0: Foul Ball, location: 2F 1-1: Called Strike 1-2: Foul Ball, location: 2F 1-2: Ball 2-2: Strikes out swinging
|
Batting: SHB Willie Koviak
|
0-0: Ball 1-0: Called Strike 1-1: Ball 2-1: Foul Ball, location: 2F 2-2: Ball 3-2: Foul Ball, location: 2F 3-2: Ground out 4-3 (Groundball, 4, EV 88.1 MPH)
|
Batting: LHB Barnabé Metrass
|
0-0: Called Strike 0-1: Ground out 4-3 (Groundball, 4, EV 78.1 MPH)
|
Bottom of the 6th over - 0 runs, 0 hits, 0 errors, 0 left on base; New Hampshire 0 - Montgomery 8 |
TOP OF THE 7TH |
New Hampshire Fisher Cats batting - Pitching for Montgomery Biscuits : LHP Dave Lindsay
|
Batting: LHB Ray Whitehead
|
0-0: Ball 1-0: Ball 2-0: SINGLE (Groundball, 56S, EV 68.1 MPH) (infield hit)
|
Batting: RHB Takanibu Kaneshiro
|
0-0: Ball 1-0: Ball 2-0: Called Strike 2-1: Ball 3-1: Base on Balls Ray Whitehead to second
|
Batting: RHB Jorge Baret
|
0-0: Hit by Pitch Ray Whitehead to third Takanibu Kaneshiro to second
|
Batting: LHB Sumiki Okuhara
|
0-0: Foul Ball, location: 2F 0-1: Ball 1-1: Foul Ball, location: 2F 1-2: Foul Ball, location: 2F 1-2: Grounds into double play, 4-6-3 (Groundball, 4, EV 90.0 MPH) Ray Whitehead scores Takanibu Kaneshiro to third
|
Batting: RHB Porter Welsh
|
0-0: Fly out, F9 (Flyball, 9D, EV 90.0 MPH)
|
Top of the 7th over - 1 run, 1 hit, 0 errors, 1 left on base; New Hampshire 1 - Montgomery 8 |
BOTTOM OF THE 7TH |
Montgomery Biscuits batting - Pitching for New Hampshire Fisher Cats : RHP Cody Walsh
|
Batting: RHB Cal Winters
|
0-0: Ball 1-0: Foul Ball, location: 2F 1-1: Foul Ball, location: 2F 1-2: Strikes out swinging
|
Pinch Hitting: RHB Alfredo Moreno
|
0-0: Ball 1-0: Called Strike 1-1: SINGLE (Line Drive, 89S, EV 106.9 MPH)
|
Batting: RHB Mick Corrigan
|
0-0: Fly out, F7 (Flyball, 7LM, EV 80.6 MPH)
|
Batting: LHB Davion Lewis
|
0-0: Called Strike 0-1: Ball 1-1: Swinging Strike Pickoff Throw to First - Error! E1 Alfredo Moreno to second 1-2: Ball 2-2: Ball 3-2: Reached on error, E3 (Groundball, 3L, EV 85.0 MPH) Alfredo Moreno to third
|
Batting: RHB Steve French
|
0-0: Called Strike 0-1: Swinging Strike 0-2: Strikes out swinging
|
Bottom of the 7th over - 0 runs, 1 hit, 2 errors, 2 left on base; New Hampshire 1 - Montgomery 8 |
TOP OF THE 8TH |
New Hampshire Fisher Cats batting - Pitching for Montgomery Biscuits : LHP Dave Lindsay
|
Pitching: RHP Jesse Rosa
|
|
Now at 2B: Alfredo Moreno
|
|
Batting: RHB Cyril Husson
|
0-0: Ball 1-0: Called Strike 1-1: Foul Ball, location: 2F 1-2: Ball 2-2: Foul Ball, location: 2F 2-2: Ball 3-2: Foul Ball, location: 2F 3-2: Foul Ball, location: 2F 3-2: Foul Ball, location: 2F 3-2: Base on Balls
|
Batting: RHB Donny Burnside
|
0-0: Ball 1-0: Called Strike 1-1: Ball 2-1: Foul Ball, location: 2F 2-2: Ball 3-2: DOUBLE (Line Drive, 3D, EV 98.8 MPH) Cyril Husson to third
|
Pinch Hitting: RHB Nikita Schram
|
0-0: Ball 1-0: Ball 2-0: Called Strike 2-1: Foul Ball, location: 2F 2-2: Strikes out looking
|
Batting: LHB Rodrigo Briceno
|
0-0: Ball 1-0: Called Strike 1-1: Foul Ball, location: 2F 1-2: Fly out, F7 (Flyball, 78S, EV 84.4 MPH)
|
Batting: LHB Ray Whitehead
|
0-0: Foul Ball, location: 2F 0-1: Foul Ball, location: 2F 0-2: Ball 1-2: Ball 2-2: SINGLE (Groundball, 56, EV 95.0 MPH) Cyril Husson scores Donny Burnside to third Runner from 3rd tries for Home, SAFE, throw by LF to home Ray Whitehead to second
|
Batting: RHB Takanibu Kaneshiro
|
0-0: Called Strike 0-1: Foul Ball, location: 2F 0-2: Strikes out looking
|
Top of the 8th over - 2 runs, 2 hits, 0 errors, 1 left on base; New Hampshire 3 - Montgomery 8 |
BOTTOM OF THE 8TH |
Montgomery Biscuits batting - Pitching for New Hampshire Fisher Cats : RHP Cody Walsh
|
Now at 1B: Greg Callaghan
|
|
Batting: LHB David Seminario
|
0-0: Ball 1-0: Called Strike 1-1: Foul Ball, location: 2F 1-2: Ball 2-2: Foul Ball, location: 2F 2-2: Foul Ball, location: 2F 2-2: Ball 3-2: Base on Balls
|
Pitching: LHP Doug Axelsen
|
|
Batting: SHB Brett McEwen
|
0-0: Ball Wild Pitch! David Seminario to second 1-0: Ball 2-0: Swinging Strike 2-1: Called Strike 2-2: Strikes out swinging
|
Batting: SHB Willie Koviak
|
0-0: Ball 1-0: Ball 2-0: Ball 3-0: Base on Balls
|
Batting: LHB Barnabé Metrass
|
0-0: Called Strike 0-1: Ball 1-1: Ball 2-1: Ball 3-1: Foul Ball, location: 2F 3-2: Base on Balls David Seminario to third Willie Koviak to second
|
Batting: RHB Cal Winters
|
0-0: Called Strike 0-1: Foul Ball, location: 2F 0-2: Ball 1-2: Ball 2-2: Ball 3-2: Grounds into double play, 5-4-3 (Groundball, 56, EV 105.0 MPH)
|
Bottom of the 8th over - 0 runs, 0 hits, 0 errors, 2 left on base; New Hampshire 3 - Montgomery 8 |
TOP OF THE 9TH |
New Hampshire Fisher Cats batting - Pitching for Montgomery Biscuits : RHP Jesse Rosa
|
Batting: RHB Jorge Baret
|
0-0: Called Strike 0-1: Ball 1-1: Ball 2-1: Ball 3-1: Foul Ball, location: 2F 3-2: Base on Balls
|
Batting: LHB Sumiki Okuhara
|
0-0: Foul Ball, location: 2F 0-1: Swinging Strike 0-2: Ball 1-2: Ball 2-2: Ball 3-2: DOUBLE (Flyball, 89XD, EV 101.2 MPH) Jorge Baret to third
|
Pitching: RHP Cameron Bianchi
|
|
Batting: RHB Porter Welsh
|
0-0: Ball 1-0: Ball 2-0: Swinging Strike 2-1: Called Strike 2-2: Ball 3-2: Strikes out swinging
|
Batting: RHB Cyril Husson
|
0-0: Ball 1-0: Called Strike 1-1: Foul Ball, location: 2F 1-2: Strikes out swinging
|
Batting: RHB Donny Burnside
|
0-0: Ball 1-0: Ball 2-0: Fly out, F8 (Flyball, 8RD, EV 93.1 MPH)
|
Top of the 9th over - 0 runs, 1 hit, 0 errors, 2 left on base; New Hampshire 3 - Montgomery 8 |
|